 Dungeon Crawl Stone Soup version 0.30-a0-1074-g5db6f66fbb (webtiles) character file.

Game seed: 17685039073994195384

162 jimonade the Skirmisher (level 5, -18/43 HPs)
             Began as a Gnoll Hunter on Apr 14, 2023.
             Demolished by an ogre
             ... wielding a +0 giant spiked club
              (30 damage)
             ... on level 4 of the Dungeon.
             The game lasted 00:03:29 (2847 turns).

jimonade the Skirmisher (Gnoll Hunter)              Turns: 2847, Time: 00:03:30

Health: -18/43     AC: 10    Str: 10    XL:     5   Next: 43%
Magic:  7/7        EV: 12    Int:  8    God:
Gold:   212        SH:  0    Dex: 18    Spells: 7/7 levels left

rFire   . . .      SeeInvis .    b - +0 whip (venom)
rCold   . . .      Faith    .    (no shield)
rNeg    . . .      Spirit   .    u - +0 ring mail
rPois   +          Reflect  .    (no helmet)
rElec   .          Rampage  .    (no cloak)
rCorr   .                        C - +0 pair of gloves
Will    .....                    (no boots)
Stlth   ++                       (no amulet)
HPRegen 0.27/turn                o - ring of poison resistance
MPRegen 0.10/turn                y - +4 ring of protection

@: no status effects
A: fangs 1, strong nose, distributed training
a: no special abilities


You were on level 4 of the Dungeon.
You visited 1 branch of the dungeon, and saw 4 of its levels.

You collected 212 gold pieces.

Inventory:

Hand Weapons
 a - a +0 shortbow
 b - a +0 whip of venom (weapon)
 p - a +0 long sword
 t - a +0 sling
Missiles
 l - 3 poisoned darts
 w - 3 boomerangs
Armour
 c - a +0 leather armour
 u - a +0 ring mail (worn)
 C - a +0 pair of gloves (worn)
Jewellery
 o - a ring of poison resistance (left hand)
 y - a +4 ring of protection (right hand)
Scrolls
 d - a scroll of butterflies {unknown}
 e - 2 scrolls of identify {unknown}
 g - a scroll of immolation
 k - a scroll of fog {unknown}
 q - 2 scrolls of blinking {unknown}
 v - a scroll of magic mapping {unknown}
 x - a scroll of vulnerability {unknown}
 A - 2 scrolls of enchant armour {unknown}
 B - a scroll of noise {unknown}
 D - a scroll of amnesia {unknown}
Potions
 f - a potion of haste {unknown}
 h - 2 potions of degeneration {unknown}
 i - a potion of attraction {unknown}
 j - 5 potions of curing {unknown}
 m - a potion of might {unknown}
 n - a potion of resistance {unknown}
 r - a potion of heal wounds {unknown}
 s - a potion of flight {unknown}
 z - a potion of ambrosia {unknown}


   Skills:
 + Level 4.8 Fighting
 + Level 1.5 Short Blades
 + Level 1.5 Long Blades
 + Level 1.5 Axes
 + Level 1.5 Maces & Flails
 + Level 1.5 Polearms
 + Level 1.5 Staves
 + Level 8.6 Ranged Weapons
 + Level 1.5 Throwing
 + Level 1.5 Armour
 + Level 4.8 Dodging
 + Level 2.8 Stealth
 + Level 1.5 Shields
 + Level 1.5 Unarmed Combat
 + Level 1.5 Spellcasting
 + Level 1.2 Conjurations
 + Level 1.2 Hexes
 + Level 1.2 Summonings
 + Level 1.2 Necromancy
 + Level 1.2 Translocations
 + Level 1.2 Transmutations
 + Level 1.2 Fire Magic
 + Level 1.2 Ice Magic
 + Level 1.2 Air Magic
 + Level 1.2 Earth Magic
 + Level 1.2 Poison Magic
 + Level 1.7 Invocations
 + Level 1.5 Evocations


You had 7 spell levels left.
You didn't know any spells.
Your spell library contained the following spells:

 Spells                   Type           Power      Damage    Failure   Level
 Scorch                   Fire           4%         2d5       65%         2
 Flame Wave               Conj/Fire      2%         2d4       99%         4
 Summon Cactus Giant      Summ           1%         N/A       100%        6


Dungeon Overview and Level Annotations

Branches:
Dungeon (4/15)
 Temple: D:4-7

Altars:
Qazlal

Shops:
D:2 [


Innate Abilities, Weirdness & Mutations

You have very sharp teeth.
Your uncanny sense of smell can sniff out nearby items.
Your experience applies equally to all skills.


Message History

You kill the adder!
No target in view!
HP restored.
You now have 212 gold pieces (gained 10).
An ogre and a ball python come into view.
The ball python hisses angrily.
The ogre shouts!
There are monsters nearby!
You shoot an arrow.
The arrow closely misses the ball python.
The ball python attacks as you move away!
The ball python closely misses you. The ball python barely misses you.
You shoot an arrow.
The arrow barely misses the ball python.
The ball python bites you but does no damage.
The ball python misses you.
You shoot an arrow. The arrow hits the ball python!
You kill the ball python!
Your +0 whip of venom begins to drip with poison!
b - a +0 whip of venom (weapon)
You barely miss the ogre. The ogre closely misses you.
You hit the ogre.
The ogre is poisoned.
You bite the ogre, but do no damage.
The ogre is lightly wounded.
You closely miss the ogre. You bite the ogre, but do no damage.
The ogre is lightly wounded.
The ogre hits you with a +0 giant spiked club!
You hit the ogre.
The ogre looks as sick as possible!
The ogre is moderately wounded.
The ogre hits you with a +0 giant spiked club!!
Ouch! That really hurt!
* * * LOW HITPOINT WARNING * * *
You are too injured to fight recklessly!
You are too injured to fight recklessly!
You are too injured to fight recklessly!
You hit the ogre.
The ogre looks as sick as possible!
The ogre is heavily wounded.
You hit the ogre.
The ogre looks as sick as possible!
The ogre is severely wounded.
The ogre hits you with a +0 giant spiked club!!
Ouch! That really hurt!
You die...

.##8###8#......#...
##... #
###......#.## 8...
####.>........ #..O
##.........####
#... ##..###.....#
##... #..## #.....#
#8... ##.## #.....#
#...##..# #.....#
#...O@.## ##<####
######## ###


You could see an ogre (extremely poisoned).

Vanquished Creatures
  An ogre (D:3)
  2 adders
  An ufetubus (D:4)
  2 worms (D:3)
  A dart slug (D:2)
  4 bats
  4 endoplasms
  3 giant cockroaches
  5 goblins
  4 hobgoblins
  7 ball pythons
  4 frilled lizards
  6 kobolds
  9 rats
53 creatures vanquished.

Notes
Turn   | Place    | Note
-------+----------+-------------------------------------------
     0 | D:1      | jimonade the Gnoll Hunter began the quest for the Orb.
     0 | D:1      | Reached XP level 1. HP: 20/20 MP: 1/1
   801 | D:1      | Reached XP level 2. HP: 26/26 MP: 2/2
  1073 | D:2      | Found Goes's Antique Armour Emporium.
  1197 | D:2      | Reached XP level 3. HP: 31/31 MP: 3/3
  1488 | D:2      | Reached skill level 1 in Invocations
  1899 | D:3      | Reached skill level 1 in Short Blades
  1899 | D:3      | Reached skill level 1 in Long Blades
  1899 | D:3      | Reached skill level 1 in Axes
  1899 | D:3      | Reached skill level 1 in Maces & Flails
  1899 | D:3      | Reached skill level 1 in Polearms
  1899 | D:3      | Reached skill level 1 in Staves
  1899 | D:3      | Reached skill level 1 in Throwing
  1899 | D:3      | Reached skill level 1 in Armour
  1899 | D:3      | Reached skill level 1 in Shields
  1899 | D:3      | Reached skill level 1 in Unarmed Combat
  1899 | D:3      | Reached skill level 1 in Spellcasting
  1899 | D:3      | Reached skill level 1 in Evocations
  2415 | D:3      | Reached XP level 4. HP: 38/38 MP: 5/5
  2429 | D:3      | Found a stormy altar of Qazlal.
  2468 | D:3      | Noticed an ogre
  2475 | D:3      | Killed an ogre
  2476 | D:3      | Reached skill level 1 in Conjurations
  2476 | D:3      | Reached skill level 1 in Hexes
  2476 | D:3      | Reached skill level 1 in Summonings
  2476 | D:3      | Reached skill level 1 in Necromancy
  2476 | D:3      | Reached skill level 1 in Translocations
  2476 | D:3      | Reached skill level 1 in Transmutations
  2476 | D:3      | Reached skill level 1 in Fire Magic
  2476 | D:3      | Reached skill level 1 in Ice Magic
  2476 | D:3      | Reached skill level 1 in Air Magic
  2476 | D:3      | Reached skill level 1 in Earth Magic
  2476 | D:3      | Reached skill level 1 in Poison Magic
  2476 | D:3      | Reached XP level 5. HP: 25/43 MP: 5/7
  2835 | D:4      | Noticed an ogre
  2847 | D:4      | Demolished by an ogre

Illustrated notes

Levels and vault maps discovered:
D:1:      wheals_arrival_linesprint, layout_basic, kennysheep_minor_cross,
          minmay_misc_feat_columns
D:2:      layout_basic, serial_shops, shop, minmay_vboxes
D:3:      layout_basic, grunt_qazlal_clouds, chequers_serial_rivers_small_b
D:4:      layout_basic, mainiacjoe_overflow_paths,
          minmay_temple_entry_glassed_door, serial_corexii_hall,
          corexii_hall_statues_x, corexii_hall_statues_l,
          corexii_hall_statues_t, corexii_hall_statues_u, dreamdust_gnoll_farm,
          uniq_robin

Skill      XL: |  1  2  3  4 |
---------------+-------------+-----
Invocations    | 1 |  1.7
Short Blades   | 1 |  1.5
Long Blades    | 1 |  1.5
Axes           | 1 |  1.5
Maces & Flails | 1 |  1.5
Polearms       | 1 |  1.5
Staves         | 1 |  1.5
Throwing       | 1 |  1.5
Armour         | 1 |  1.5
Shields        | 1 |  1.5
Unarmed Combat | 1 |  1.5
Spellcasting   | 1 |  1.5
Evocations     | 1 |  1.5
Conjurations   | 1 |  1.2
Hexes          | 1 |  1.2
Summonings     | 1 |  1.2
Necromancy     | 1 |  1.2
Translocations | 1 |  1.2
Transmutations | 1 |  1.2
Fire Magic     | 1 |  1.2
Ice Magic      | 1 |  1.2
Air Magic      | 1 |  1.2
Earth Magic    | 1 |  1.2
Poison Magic   | 1 |  1.2
Fighting       | |  4.8
Ranged Weapons | |  8.6
Dodging        | |  4.8
Stealth        | |  2.8

Action                     |  1- 3 |  4- 6 || total
---------------------------+-------+-------++-------
  Melee: Whip              |    12 |    10 ||    22
         Bite              |     1 |     2 ||     3
   Fire: Shortbow          |    96 |    31 ||   127
 Armour: Leather armour    |     5 |       ||     5
         Ring mail         |     1 |     1 ||     2
  Dodge: Dodged            |    14 |    12 ||    26

Table legend: (Time is in decaauts)
 A = Elapsed time spent in this place.
 B = Non-inter-level travel time spent in this place.
 C = Inter-level travel time spent in this place.
 D = Time resting spent in this place.
 E = Time spent auto-exploring this place.
 F = Levels seen in this place.
 G = Mean time per level.
                   A        B        C        D        E       F      G
               +--------+--------+--------+--------+--------+-----+--------+
         Total |   2858 |   2763 |     95 |      0 |   2370 |   4 |  714.5 |
       Dungeon |   2858 |   2763 |     95 |      0 |   2370 |   4 |  714.5 |
               +--------+--------+--------+--------+--------+-----+--------+

Top non-repeatable levels by time:
     D:1: 1064 daAuts
     D:3: 960 daAuts
     D:2: 743 daAuts
     D:4: 90 daAuts
